[ PARTIDA AOE2 · #459739785 ]
UnrankedVikingos vs Berbers
Equipo del jugador · VICT
Equipo rival · DERR
[ ANÁLISIS DE REPETICIÓN · EXTRAÍDO DE LA PARTIDA GRABADA ]
Feudal
12:15
Castillos
24:16
Imperial
45:24
| APM promedio | 39.3 |
| APM pico | 108 |
| eAPM promedio | 25.2 |
| Aldeanos / militares | 177 / 403 |
Foco
⚔️ 35.4% · 🌾 64.6%
Militia ×203 · Skirmisher ×112 · Berserk ×26 · Archer ×26 · Spearman ×23 · Battering Ram ×7
Feudal
9:36
Castillos
21:33
Imperial
45:12
| APM promedio | 43.5 |
| APM pico | 71 |
| eAPM promedio | 16.7 |
| Aldeanos / militares | 162 / 288 |
Foco
⚔️ 33.5% · 🌾 66.5%
Cavalry Archer ×149 · Genitour ×55 · Scout Cavalry ×45 · Hand Cannoneer ×21 · Knight ×10 · Trebuchet (Packed) ×4
Mapa de la partida
Recursos iniciales + cada clic de construcción. Líneas = muros · curvas = relieve. ◆ oro · ⬟ piedra · ● bayas · ✦ reliquia · ◌ hueco del cierre
Tu base· Abierta — flanco sin cerrar
Base de QFilip· Abierta — hueco de 5t
Terreno inicial suavizado · ◌ = hueco del cierre detectado · pasá el cursor para detalles
Inputs por minuto
— Zbysio - - QFilip
Build order — Zbysio
Primeras 150 de 799 acciones detectadas
| 0:01 | Crear | Villager (Male) |
| 0:01 | Crear | Villager (Male) |
| 0:01 | Crear | Villager (Male) |
| 0:02 | Construir | House |
| 0:04 | Construir | House |
| 0:59 | Crear | Villager (Male) |
| 1:41 | Crear | Villager (Male) |
| 1:52 | Construir | Lumber Camp |
| 2:00 | Crear | Villager (Male) |
| 2:22 | Crear | Villager (Male) |
| 2:50 | Crear | Villager (Male) |
| 3:27 | Construir | House |
| 3:30 | Construir | House |
| 3:32 | Crear | Villager (Male) |
| 3:47 | Crear | Villager (Male) |
| 4:07 | Construir | Mill |
| 4:19 | Crear | Villager (Male) |
| 4:39 | Investigar | Loom |
| 4:47 | Construir | Palisade Wall |
| 4:50 | Construir | Palisade Wall |
| 4:52 | Construir | Palisade Wall |
| 5:09 | Crear | Villager (Male) |
| 5:34 | Crear | Villager (Male) |
| 5:48 | Crear | Villager (Male) |
| 6:13 | Crear | Villager (Male) |
| 6:14 | Crear | Villager (Male) |
| 6:33 | Construir | Lumber Camp |
| 6:38 | Crear | Villager (Male) |
| 7:38 | Construir | Mill |
| 7:52 | Crear | Villager (Male) |
| 8:18 | Crear | Villager (Male) |
| 8:43 | Crear | Villager (Male) |
| 8:52 | Construir | Mining Camp |
| 9:11 | Crear | Villager (Male) |
| 9:43 | Construir | Barracks |
| 10:05 | Investigar | Feudal Age |
| 10:05 | Investigar | Feudal Age |
| 10:38 | Construir | Barracks |
| 10:43 | Construir | House |
| 10:44 | Construir | House |
| 10:45 | Construir | House |
| 10:46 | Crear | Militia |
| 10:47 | Crear | Militia |
| 12:01 | Crear | Militia |
| 12:01 | Crear | Militia |
| 12:01 | Crear | Militia |
| 12:04 | Crear | Militia |
| 12:10 | Construir | Farm |
| 12:14 | Construir | Farm |
| 12:15 | Edad | Edad Feudal |
| 12:17 | Crear | Villager (Male) |
| 12:39 | Crear | Villager (Male) |
| 12:59 | Construir | Farm |
| 13:02 | Crear | Villager (Male) |
| 13:09 | Construir | Farm |
| 13:12 | Construir | Farm |
| 13:22 | Investigar | Man-at-Arms (upgrade) |
| 13:50 | Crear | Spearman |
| 13:51 | Crear | Spearman |
| 14:09 | Construir | Farm |
| 14:10 | Crear | Villager (Male) |
| 14:18 | Crear | Spearman |
| 14:44 | Crear | Militia |
| 14:45 | Crear | Villager (Male) |
| 14:48 | Construir | Farm |
| 15:02 | Crear | Villager (Male) |
| 15:06 | Crear | Militia |
| 15:18 | Construir | Farm |
| 15:35 | Crear | Villager (Male) |
| 15:41 | Construir | Farm |
| 15:43 | Crear | Militia |
| 15:43 | Crear | Militia |
| 16:16 | Construir | Farm |
| 16:21 | Construir | Blacksmith |
| 16:26 | Crear | Villager (Male) |
| 16:26 | Crear | Villager (Male) |
| 16:28 | Investigar | Double-Bit Axe |
| 16:48 | Crear | Villager (Male) |
| 16:50 | Crear | Militia |
| 16:50 | Crear | Militia |
| 17:01 | Construir | House |
| 17:02 | Construir | House |
| 17:06 | Construir | House |
| 17:13 | Investigar | Scale Mail Armor |
| 17:23 | Crear | Militia |
| 17:24 | Crear | Militia |
| 17:38 | Crear | Militia |
| 17:38 | Crear | Militia |
| 18:11 | Crear | Villager (Male) |
| 18:13 | Crear | Militia |
| 18:13 | Crear | Militia |
| 18:21 | Construir | Farm |
| 18:28 | Construir | Farm |
| 18:31 | Crear | Villager (Male) |
| 18:52 | Crear | Villager (Male) |
| 19:37 | Crear | Villager (Male) |
| 19:38 | Construir | Farm |
| 19:40 | Construir | Farm |
| 19:44 | Crear | Villager (Male) |
| 20:06 | Construir | House |
| 20:07 | Construir | House |
| 20:13 | Crear | Spearman |
| 20:15 | Crear | Militia |
| 20:50 | Crear | Villager (Male) |
| 21:01 | Construir | Stable |
| 21:36 | Investigar | Castle Age |
| 21:40 | Construir | Mining Camp |
| 22:02 | Crear | Militia |
| 22:03 | Crear | Militia |
| 22:04 | Crear | Militia |
| 22:32 | Crear | Militia |
| 22:32 | Crear | Militia |
| 22:33 | Crear | Militia |
| 22:41 | Investigar | Gold Mining |
| 22:47 | Crear | Militia |
| 22:49 | Crear | Militia |
| 23:01 | Investigar | Forging |
| 23:16 | Crear | Militia |
| 23:43 | Crear | Militia |
| 23:54 | Crear | Villager (Male) |
| 23:54 | Crear | Villager (Male) |
| 24:16 | Edad | Edad de los Castillos |
| 24:21 | Crear | Spearman |
| 24:21 | Crear | Spearman |
| 24:33 | Crear | Spearman |
| 24:33 | Crear | Spearman |
| 24:42 | Investigar | Long Swordsman (upgrade) |
| 24:48 | Investigar | Long Swordsman (upgrade) |
| 25:25 | Crear | Villager (Male) |
| 25:31 | Construir | Town Center |
| 25:47 | Investigar | Pikeman (upgrade) |
| 25:49 | Crear | Spearman |
| 25:49 | Crear | Spearman |
| 25:49 | Crear | Spearman |
| 26:31 | Crear | Spearman |
| 26:31 | Crear | Spearman |
| 26:44 | Crear | Villager (Male) |
| 26:44 | Crear | Villager (Male) |
| 26:50 | Crear | Villager (Male) |
| 27:14 | Crear | Villager (Male) |
| 27:14 | Crear | Villager (Male) |
| 27:16 | Crear | Villager (Male) |
| 27:22 | Crear | Spearman |
| 27:22 | Crear | Spearman |
| 27:32 | Construir | Castle |
| 27:47 | Crear | Villager (Male) |
| 27:49 | Crear | Villager (Male) |
| 27:49 | Crear | Villager (Male) |
| 27:53 | Crear | Spearman |
| 27:53 | Crear | Spearman |
Build order — QFilip
Primeras 150 de 424 acciones detectadas
| 0:00 | Crear | Villager (Male) |
| 0:00 | Crear | Villager (Male) |
| 0:01 | Crear | Villager (Male) |
| 0:02 | Construir | House |
| 0:03 | Construir | House |
| 0:30 | Crear | Villager (Male) |
| 1:36 | Crear | Villager (Male) |
| 1:36 | Crear | Villager (Male) |
| 1:49 | Construir | Lumber Camp |
| 2:01 | Crear | Villager (Male) |
| 2:24 | Crear | Villager (Male) |
| 2:51 | Crear | Villager (Male) |
| 3:00 | Construir | House |
| 3:11 | Crear | Villager (Male) |
| 3:37 | Crear | Villager (Male) |
| 3:54 | Construir | Mill |
| 3:58 | Crear | Villager (Male) |
| 4:46 | Crear | Villager (Male) |
| 4:47 | Crear | Villager (Male) |
| 5:11 | Crear | Villager (Male) |
| 5:11 | Crear | Villager (Male) |
| 5:47 | Crear | Villager (Male) |
| 5:49 | Crear | Villager (Male) |
| 5:49 | Investigar | Loom |
| 7:14 | Construir | Barracks |
| 7:15 | Construir | House |
| 7:26 | Investigar | Feudal Age |
| 7:56 | Crear | Villager (Male) |
| 7:57 | Crear | Villager (Male) |
| 8:15 | Construir | Palisade Wall |
| 8:16 | Construir | Palisade Wall |
| 8:17 | Construir | Palisade Wall |
| 8:18 | Construir | Palisade Wall |
| 9:36 | Edad | Edad Feudal |
| 9:38 | Construir | Stable |
| 9:45 | Investigar | Double-Bit Axe |
| 10:13 | Crear | Villager (Male) |
| 10:13 | Crear | Villager (Male) |
| 10:18 | Crear | Scout Cavalry |
| 10:18 | Crear | Scout Cavalry |
| 10:27 | Construir | Watch Tower |
| 10:39 | Crear | Villager (Male) |
| 10:39 | Crear | Villager (Male) |
| 10:55 | Construir | House |
| 10:56 | Construir | House |
| 11:12 | Crear | Scout Cavalry |
| 12:06 | Construir | Mill |
| 12:08 | Crear | Scout Cavalry |
| 12:08 | Crear | Scout Cavalry |
| 12:30 | Crear | Villager (Male) |
| 12:31 | Crear | Villager (Male) |
| 12:37 | Construir | Mining Camp |
| 12:52 | Crear | Villager (Male) |
| 13:16 | Construir | Market |
| 13:19 | Crear | Villager (Male) |
| 13:25 | Crear | Scout Cavalry |
| 13:25 | Crear | Scout Cavalry |
| 13:48 | Crear | Scout Cavalry |
| 14:08 | Construir | House |
| 14:11 | Construir | House |
| 14:15 | Construir | Palisade Wall |
| 14:19 | Construir | Palisade Wall |
| 14:24 | Crear | Villager (Male) |
| 14:24 | Crear | Villager (Male) |
| 14:28 | Construir | Palisade Wall |
| 14:38 | Crear | Scout Cavalry |
| 15:22 | Construir | Watch Tower |
| 15:26 | Construir | House |
| 15:27 | Construir | House |
| 15:34 | Construir | Palisade Wall |
| 15:36 | Construir | Palisade Wall |
| 15:40 | Construir | House |
| 15:49 | Crear | Villager (Male) |
| 15:49 | Crear | Villager (Male) |
| 16:04 | Construir | Palisade Wall |
| 16:11 | Construir | Palisade Wall |
| 16:12 | Crear | Villager (Male) |
| 16:13 | Crear | Villager (Male) |
| 16:16 | Construir | House |
| 16:17 | Construir | House |
| 16:20 | Construir | House |
| 16:22 | Construir | House |
| 16:33 | Crear | Villager (Male) |
| 16:56 | Construir | Palisade Wall |
| 17:00 | Crear | Villager (Male) |
| 17:04 | Construir | Farm |
| 17:22 | Crear | Villager (Male) |
| 17:22 | Crear | Villager (Male) |
| 17:23 | Crear | Villager (Male) |
| 17:34 | Crear | Villager (Male) |
| 17:34 | Crear | Villager (Male) |
| 18:05 | Crear | Villager (Male) |
| 18:13 | Construir | Archery Range |
| 18:14 | Construir | Archery Range |
| 18:53 | Investigar | Castle Age |
| 19:33 | Construir | Palisade Wall |
| 19:46 | Crear | Villager (Male) |
| 19:46 | Crear | Villager (Male) |
| 20:03 | Investigar | Bloodlines |
| 20:13 | Construir | Stable |
| 21:22 | Construir | Palisade Wall |
| 21:33 | Edad | Edad de los Castillos |
| 21:36 | Crear | Knight ×3 |
| 22:50 | Construir | Lumber Camp |
| 22:51 | Crear | Villager (Male) |
| 23:04 | Crear | Knight |
| 23:10 | Crear | Villager (Male) |
| 23:16 | Construir | Palisade Wall |
| 23:33 | Crear | Knight |
| 23:43 | Crear | Villager (Male) |
| 23:48 | Construir | Mill |
| 23:56 | Crear | Knight |
| 24:17 | Crear | Knight |
| 24:26 | Construir | Blacksmith |
| 24:57 | Crear | Knight |
| 26:29 | Construir | Town Center |
| 26:34 | Crear | Villager (Male) |
| 27:07 | Crear | Villager (Male) |
| 27:07 | Crear | Villager (Male) |
| 27:08 | Crear | Villager (Male) |
| 27:08 | Crear | Villager (Male) |
| 27:30 | Construir | Outpost |
| 27:43 | Crear | Knight |
| 27:44 | Crear | Knight |
| 28:16 | Construir | Farm |
| 28:18 | Construir | Farm |
| 28:57 | Construir | Farm |
| 29:02 | Crear | Cavalry Archer ×5 |
| 29:02 | Crear | Cavalry Archer ×2 |
| 29:10 | Investigar | Fletching |
| 29:17 | Crear | Villager (Male) |
| 29:20 | Construir | Farm |
| 29:21 | Construir | Farm |
| 29:23 | Construir | Farm |
| 29:27 | Construir | Farm |
| 29:45 | Crear | Cavalry Archer |
| 29:45 | Crear | Cavalry Archer ×2 |
| 29:45 | Crear | Cavalry Archer |
| 29:53 | Crear | Villager (Male) |
| 30:08 | Construir | Mill |
| 30:15 | Crear | Villager (Male) |
| 30:21 | Crear | Cavalry Archer |
| 30:30 | Crear | Cavalry Archer |
| 30:44 | Investigar | Bodkin Arrow |
| 30:55 | Crear | Villager (Male) |
| 31:01 | Crear | Skirmisher |
| 31:11 | Crear | Cavalry Archer ×3 |
| 31:11 | Crear | Cavalry Archer ×3 |
| 31:28 | Crear | Cavalry Archer ×2 |
| 31:28 | Crear | Cavalry Archer ×2 |
Cronología de la partida
| 4:47 | Zbysio · wall_segment Palisade Wall x1 |
| 4:50 | Zbysio · wall_segment Palisade Wall x1 |
| 4:52 | Zbysio · wall_segment Palisade Wall x1 |
| 7:14 | QFilip · first_building Barracks |
| 8:15 | QFilip · wall_segment Palisade Wall x1 |
| 8:16 | QFilip · wall_segment Palisade Wall x1 |
| 8:17 | QFilip · wall_segment Palisade Wall x1 |
| 8:18 | QFilip · wall_segment Palisade Wall x1 |
| 9:36 | QFilip · age_up feudal |
| 9:38 | QFilip · first_building Stable |
| 9:43 | Zbysio · first_building Barracks |
| 12:15 | Zbysio · age_up feudal |
| 14:15 | QFilip · wall_segment Palisade Wall x4 |
| 14:19 | QFilip · wall_segment Palisade Wall x2 |
| 14:28 | QFilip · wall_segment Palisade Wall x6 |
| 15:18 | QFilip · first_market_sell 100 wood |
| 15:19 | QFilip · first_market_buy 100 stone |
| 15:34 | QFilip · wall_segment Palisade Wall x1 |
| 15:36 | QFilip · wall_segment Palisade Wall x5 |
| 16:04 | QFilip · wall_segment Palisade Wall x1 |
| 16:11 | QFilip · wall_segment Palisade Wall x1 |
| 16:56 | QFilip · wall_segment Palisade Wall x1 |
| 18:13 | QFilip · first_building Archery Range |
| 19:33 | QFilip · wall_segment Palisade Wall x1 |
| 21:01 | Zbysio · first_building Stable |
| 21:22 | QFilip · wall_segment Palisade Wall x1 |
| 21:33 | QFilip · age_up castle |
| 23:16 | QFilip · wall_segment Palisade Wall x1 |
| 24:16 | Zbysio · age_up castle |
| 27:32 | Zbysio · first_building Castle |
| 32:57 | Zbysio · first_building Archery Range |
| 39:19 | QFilip · first_building Monastery |
| 40:01 | QFilip · first_building Castle |
| 45:12 | QFilip · age_up imperial |
| 45:24 | Zbysio · age_up imperial |
| 63:30 | Zbysio · first_building Siege Workshop |
| 75:00 | QFilip · resign |
[ ANÁLISIS IA · 1 CRÉDITO ]
¿Qué pasó realmente en esta partida?
Wolo.gg analiza cada decisión: build order, eco, micro, errores típicos por bracket. Análisis personalizado por WhatsApp o Discord en 30 segundos.
Guía civ
Vikingos
Guía mapa
ANT - Sacred Springs (Custom)
Perfil
Jugador #236944